 Dungeon Crawl Stone Soup version 0.30-a0-778-g2ef04afb54 (webtiles) character file.

Game seed: 1526185928017818433

16 funkygono the Firebug (level 2, 0/15 HPs)
             Began as a Gargoyle Fire Elementalist on Feb 16, 2023.
             Slain by Terence
             ... wielding a +0 short sword
              (6 damage)
             ... on level 2 of the Dungeon.
             The game lasted 00:01:11 (1106 turns).

funkygono the Firebug (Gargoyle Fire Elementalist)  Turns: 1106, Time: 00:01:12

Health: 0/15       AC:  5    Str: 11    XL:     2   Next: 54%
Magic:  3/5        EV: 12    Int: 15    God:
Gold:   15         SH:  0    Dex: 10    Spells: 2/5 levels left

rFire   + . .      SeeInvis .    g - +0 club
rCold   x . .      Faith    .    (no shield)
rNeg    + . .      Spirit   .    a - +0 robe
rPois   ∞          Reflect  .    (no helmet)
rElec   +          Harm     .    (no cloak)
rCorr   .          Rampage  .    (no gloves)
Will    .....                    j - +0 pair of boots
Stlth   ++                       (no amulet)
HPRegen 0.22/turn                e - ring of fire
MPRegen 0.09/turn                (no ring)

@: no status effects
A: sickness immunity, AC +2, negative energy resistance 1, electricity
resistance, torment resistance 1, petrification resistance
a: no special abilities


You were on level 2 of the Dungeon.
You visited 1 branch of the dungeon, and saw 2 of its levels.

You collected 15 gold pieces.

Inventory:

Hand Weapons
 d - a +4 rapier
 g - a +0 club (weapon)
Armour
 a - a +0 robe (worn)
 j - a +0 pair of boots (worn)
Jewellery
 e - a ring of fire (left hand)
Scrolls
 f - a scroll of acquirement {unknown}
 l - a scroll of fear {unknown}
Potions
 c - a potion of invisibility {unknown}
 h - a potion of mutation {unknown}
 i - 2 potions of degeneration {unknown}
 k - 2 potions of curing {unknown}


   Skills:
 + Level 0.1 Maces & Flails
 + Level 1.7 Dodging
 - Level 2.1 Stealth
 + Level 2.2 Spellcasting
 + Level 1.1 Conjurations
 + Level 3.4 Fire Magic


You had 2 spell levels left.
You knew the following spells:

 Your Spells              Type           Power      Damage    Failure   Level
a - Foxfire               Conj/Fire      48%        2x1d6     9%          1
b - Scorch                Fire           36%        2d6       8%          2

Your spell library contained the following spells:

 Spells                   Type           Power      Damage    Failure   Level
 Inner Flame              Hex/Fire       10%        N/A       32%         3
 Kindle Blastsparks       Fire/Tloc/Air  14%        2d11      38%         3
 Flame Wave               Conj/Fire      12%        2d6       63%         4


Dungeon Overview and Level Annotations

Branches:
Dungeon (2/15)

Altars:

Annotations:
D:2 Terence


Innate Abilities, Weirdness & Mutations

You are immune to sickness and miasma.
Your stone body is resilient. (AC +2)
You are immune to poison.
You resist negative energy. (rN+)
You are resistant to electric shocks. (rElec)
You are resistant to unholy torment.
You are immune to petrification.


Message History

Your foxfire dissipates!
Magic restored.
You see here a frilled lizard corpse.
Terence is nearby!
Casting: Foxfire (safe; 9% risk of failure)
Confirm with . or Enter, or press ? or * to list all spells.
You feel a surge of power!
You conjure some foxfire!
Terence shouts!
The foxfire hits Terence.
Terence is moderately wounded.
The foxfire hits Terence but does no damage.
Terence is moderately wounded.
Casting: Foxfire (safe; 9% risk of failure)
Confirm with . or Enter, or press ? or * to list all spells.
You feel a surge of power!
You conjure some foxfire!
The foxfire hits Terence.
Terence is moderately wounded.
Casting: Foxfire (safe; 9% risk of failure)
Confirm with . or Enter, or press ? or * to list all spells.
You feel a surge of power!
Flames lash Terence.
Terence is heavily wounded.
Terence's fire resistance burns away.
The foxfire hits Terence but does no damage.
Terence is heavily wounded.
Casting: Scorch (safe; 8% risk of failure)
Confirm with . or Enter, or press ? or * to list all spells.
You don't have enough magic to cast this spell.
Terence closely misses you. Terence attacks as you move away!
Terence hits you with a +0 short sword.
You see here a frilled lizard corpse.
Terence attacks as you move away! Terence hits you with a +0 short sword.
Terence is no longer more vulnerable to fire.
Magic courses through your body. Terence barely misses you.
Casting: Scorch (safe; 8% risk of failure)
Confirm with . or Enter, or press ? or * to list all spells.
You feel a surge of power!
Flames lash Terence.
Terence is almost dead.
Terence's fire resistance burns away.
Terence shouts, "Get ready for death!"
Terence hits you with a +0 short sword.
You die...

#################
.......<.........
#########>####### #.# ###
#.# #.. #.# #.#
##########.# #.#
#..@@......# #>#
#.########## #.# #.#
######.# #.#
.......######.#
.............#.###########
###.#.......###.........[#
###.#..####..#.#########.#
.....<..# #.#.## #.#


You could see Terence (combustible).

Vanquished Creatures
  3 bats (D:1)
  An endoplasm (D:1)
  4 jackals (D:1)
  A quokka (D:1)
  A frilled lizard (D:2)
  3 goblins (D:1)
  A rat (D:2)
14 creatures vanquished.

Vanquished Creatures (others)
  44 foxfires
44 creatures vanquished.

Grand Total: 58 creatures vanquished

Notes
Turn   | Place    | Note
-------+----------+-------------------------------------------
     0 | D:1      | funkygono the Gargoyle Fire Elementalist began the quest
                  | for the Orb.
     0 | D:1      | Reached XP level 1. HP: 10/10 MP: 3/3
   313 | D:1      | Reached XP level 2. HP: 15/15 MP: 1/5
   316 | D:1      | Learned a level 2 spell: Scorch
   448 | D:1      | Found a faded altar of an unknown god.
  1044 | D:2      | Noticed Terence
  1106 | D:2      | Slain by Terence

Illustrated notes

Levels and vault maps discovered:
D:1:      kennysheep_arrival_seaside, layout_loops_cross,
          ebering_ecumenical_altar_webs
D:2:      layout_loops_ring, uniq_terence

Action                     || total
---------------------------++-------
  Melee: Rapier            ||     1
         Club              ||     3
   Cast: Foxfire           ||    25
         Scorch            ||     2
    Use: Potion            ||     1
 Armour: Robe              ||     2
  Dodge: Dodged            ||    11

Table legend: (Time is in decaauts)
 A = Elapsed time spent in this place.
 B = Non-inter-level travel time spent in this place.
 C = Inter-level travel time spent in this place.
 D = Time resting spent in this place.
 E = Time spent auto-exploring this place.
 F = Levels seen in this place.
 G = Mean time per level.
                   A        B        C        D        E       F      G
               +--------+--------+--------+--------+--------+-----+--------+
         Total |   1108 |   1048 |     60 |      0 |    899 |   2 |  554.0 |
       Dungeon |   1108 |   1048 |     60 |      0 |    899 |   2 |  554.0 |
               +--------+--------+--------+--------+--------+-----+--------+

Top non-repeatable levels by time:
     D:1: 1002 daAuts
     D:2: 106 daAuts
